 Dungeon Crawl Stone Soup version 0.26-a0-284-g73c0fb6129 (webtiles) character file.

Game seed: 9471474473418196585

5 Gargoyl the Skirmisher (level 1, -18/19 HPs)
             Began as a Centaur Abyssal Knight on July 13, 2020.
             Was a Follower of Lugonu.
             Killed from afar by a wretched star (37 damage)
             ... with a lance of force
             ... on level 1 of the Abyss.
             The game lasted 00:00:55 (450 turns).

Gargoyl the Skirmisher (Centaur Abyssal Knight)      Turns: 450, Time: 00:00:55

Health: -18/19     AC:  4    Str: 14    XL:     1   Next: 66%
Magic:  2/2        EV:  9    Int: 11    God:    Lugonu [*.....]
Gold:   29         SH:  0    Dex:  8    Spells: 0/0 levels left

rFire    . . .     SeeInvis .   a - +1 hand axe
rCold    . . .     Faith    .   (no shield)
rNeg     . . .     Spirit   .   b - +0 leather armour
rPois    .         Reflect  .   (no helmet)
rElec    .         Harm     .   (no cloak)
rCorr    .                      (no gloves)
MR       .....                  (no barding)
Stlth    ..........             (no amulet)
HPRegen  0.06/turn              (no ring)
MPRegen  0.08/turn              (no ring)

@: very quick
A: large, hooves 3, deformed body, speed 2, tough skin 3
a: Depart the Abyss, Renounce Religion


You were on level 1 of the Abyss.
You worshipped Lugonu.
Lugonu was aware of your devotion.
You visited 0 branches of the dungeon, and saw 0 of its levels.
You visited the Abyss 1 time.

You collected 29 gold pieces.

Inventory:

Hand Weapons
 a - a +1 hand axe (weapon)
Armour
 b - a +0 leather armour (worn)
 c - a +0 ring mail


   Skills:
 + Level 3.2 Fighting
 + Level 1.8 Axes
 + Level 1.4 Armour
 + Level 0.6 Dodging
 + Level 2.0 Invocations


You couldn't memorise any spells.
You didn't know any spells.
Your spell library was empty.

Dungeon Overview and Level Annotations

Branches:
Dungeon (0/15)

Altars:


Innate Abilities, Weirdness & Mutations

You have hooves in place of feet.
Armour fits poorly on your strangely shaped body.
You cover ground very quickly.
You have extremely tough skin. (AC +3)


Message History

A neqoxec comes into view.
Found a ring mail.
You see here a ring mail.
c - a ring mail
Found 2 gold pieces.
Found 5 gold pieces.
An efreet comes into view.
It is wielding a +3 scimitar of flaming.
A small abomination comes into view.
You are suddenly pulled into a different region of the Abyss!
HP restored.
Found a gateway leading deeper into the Abyss.
A chaos spawn comes into view.
The chaos spawn bellows!
A wretched star comes into view.
You hit the wretched star but do no damage.
You kick the wretched star, but do no damage.
The wretched star glows turbulently.
The lance of force hits you!!!
Ouch! That really hurt!
You die...

≈#≈ # .≈# #.
# ..# .# .
.. . .#
.#.##.#
##.#...#
#..*.# #
#.@.#. #
......##..#
## #..##
#..###..# #
#####.....#
#.. #..###.#
#.##.#..#.##
# #...#..#.#
# #....###.#
#.###....#


You could see a wretched star.

Vanquished Creatures
  An ufetubus (Abyss:1)
1 creature vanquished.

Vanquished Creatures (others)
  2 starspawn tentacles (Abyss:1)
2 creatures vanquished.

Grand Total: 3 creatures vanquished

Notes
Turn   | Place    | Note
-------+----------+-------------------------------------------
     0 | Abyss:1  | Gargoyl the Centaur Abyssal Knight began the quest for the
                  | Orb.
     0 | Abyss:1  | Reached XP level 1. HP: 19/19 MP: 2/2
    59 | Abyss:1  | Noticed a chaos spawn
    60 | Abyss:1  | Noticed a smoke demon
   226 | Abyss:1  | Noticed a tentacled starspawn
   240 | Abyss:1  | Noticed a small abomination
   244 | Abyss:1  | Noticed a chaos spawn
   277 | Abyss:1  | Noticed a neqoxec
   305 | Abyss:1  | Noticed a large abomination
   326 | Abyss:1  | Noticed an efreet
   329 | Abyss:1  | Noticed a small abomination
   432 | Abyss:1  | Noticed a chaos spawn
   448 | Abyss:1  | Noticed a wretched star
   450 | Abyss:1  | Killed from afar by a wretched star

Illustrated notes

Levels and vault maps discovered:
Abyss:1

Action                   || total
-------------------------++-------
Melee: Hand axe          ||     4
       Kick              ||     2
  Use: Scroll            ||     1
Armor: Leather armour    ||     1

Table legend:
 A = Non-vault XP
 B = Vault XP
 C = Vault XP percentage of total XP
 D = Non-vault monster count
 E = Vault monster count
 F = Vault count percentage of total count
                 A         B        C        D         E       F
            +---------+---------+-------+---------+---------+-------
      Total |       8 |       0 |   0.0 |       1 |       0 |   0.0
            +---------+---------+-------+---------+---------+-------
    Abyss:1 |       8 |       0 |   0.0 |       1 |       0 |   0.0
            +---------+---------+-------+---------+---------+-------
